 Dungeon Crawl Stone Soup version 0.23.2-33-g5129a83184 (webtiles) character file.

Game seed: 1359936747553638449

12404 Joat the Blocker (level 11, -5/80 (81) HPs)
             Began as a Demonspawn Fighter on July 3, 2019.
             Was a High Priest of Makhleb.
             Slain by a soul eater (16 damage)
             ... summoned by an orc sorcerer
             ... on level 1 of the Orcish Mines.
             The game lasted 00:47:36 (9953 turns).

Joat the Blocker (Demonspawn Fighter)               Turns: 9953, Time: 00:47:37

HP:   -5/80 (81)    AC: 23    Str: 18    XL:     11   Next: 62%
MP:   14/14         EV: 12    Int: 16    God:    Makhleb [*****.]
Gold: 658           SH: 12    Dex: 12    Spells: 8/12 levels left

rFire    . . .     SeeInvis .   a - +3 dagger (elec)
rCold    + . .     Gourm    .   c - +0 shield
rNeg     . . .     Faith    .   i - +10 scale mail "Joike" {Regen+ Int+4}
rPois    +         Spirit   .   (no helmet)
rElec    .         Reflect  .   z - +0 cloak
rCorr    .         Harm     .   y - +2 pair of gloves
MR       .....                  L - +1 pair of boots {run}
Stlth    ..........             w - amulet of regeneration
HPRegen  1.03/turn              t - +4 ring of evasion
MPRegen  0.14/turn              K - ring of poison resistance

@: lightly drained, quick
A: cold resistance 1, powered by death 3, powered by pain 3, screaming 1, wild
magic 1
a: Minor Destruction, Lesser Servant of Makhleb, Major Destruction, Greater
Servant of Makhleb, Renounce Religion


You were on level 1 of the Orcish Mines.
You worshipped Makhleb.
Makhleb was extremely pleased with you.
You were not hungry.

You visited 3 branches of the dungeon, and saw 13 of its levels.
You also visited: Ossuary.

You collected 658 gold pieces.

Inventory:

Hand Weapons
 a - a +3 dagger of electrocution (weapon)
 b - a +2 short sword of freezing
Armour
 c - a +0 shield (worn)
 i - the +10 scale mail "Joike" (worn) {Regen+ Int+4}
   (You found it on level 9 of the Dungeon)

   It affects your intelligence (+4).
   It increases your rate of regeneration.
 y - a +2 pair of gloves (worn)
 z - a +0 cloak (worn)
 L - a +1 pair of boots of running (worn)
 N - a +1 ring mail of cold resistance
Jewellery
 p - an uncursed amulet of magic regeneration
 q - an uncursed amulet of the acrobat
 t - a +4 ring of evasion (left hand)
 w - an amulet of regeneration (around neck)
 x - an uncursed ring of positive energy
 K - a ring of poison resistance (right hand)
Wands
 n - a wand of paralysis (19)
 H - a wand of acid (7)
 I - a wand of polymorph (7)
Scrolls
 h - a scroll of magic mapping
 m - 8 scrolls of remove curse
 s - 2 scrolls of amnesia
 v - 2 scrolls of teleportation
 C - 2 scrolls of fog {unknown}
 J - 2 scrolls of fear
 O - a scroll of blinking {unknown}
Potions
 d - a potion of might
 e - 2 potions of degeneration {unknown}
 g - a potion of ambrosia
 k - 8 potions of flight
 o - a potion of agility
 r - a potion of lignification
 u - a potion of cancellation
 A - a potion of brilliance
 B - 2 potions of haste
 D - 3 potions of mutation
 E - 6 potions of curing {curing?}
 F - 2 potions of heal wounds
 G - a potion of magic
Miscellaneous
 j - a sack of spiders
 M - a lamp of fire
 P - a phantom mirror
Comestibles
 f - 22 rations
 l - 2 chunks of flesh


   Skills:
 - Level 6.0(5.5) Fighting
 - Level 10.0(9.5) Short Blades
 - Level 4.0(3.5) Armour
 * Level 11.8(11.3) Shields
 - Level 1.0(0.7) Spellcasting
 * Level 4.8(4.4) Hexes
 + Level 4.3(3.8) Invocations


You had 8 spell levels left.
You knew the following spells:

 Your Spells              Type           Power        Failure   Level  Hunger
c - Confuse               Hex            ###.....     58%         3    ####...
C - Confusing Touch       Hex            ###...       26%         1    ##.....

Your spell library contained the following spells:

 Spells                   Type           Power        Failure   Level  Hunger
 Flame Tongue             Conj/Fire      #....        82%         1    ##.....
 Summon Small Mammal      Summ           #...         82%         1    ##.....
 Inner Flame              Hex/Fire       #.......     87%         3    ####...
 Summon Guardian Golem    Hex/Summ       #.......     87%         3    ####...
 Call Imp                 Summ           #.......     91%         2    ###....
 Throw Flame              Conj/Fire      #.....       91%         2    ###....
 Call Canine Familiar     Summ           #.......     99%         3    ####...
 Conjure Flame            Conj/Fire      #.......     99%         3    ####...
 Gell's Gravitas          Tloc           #.........   99%         3    ####...
 Petrify                  Tmut/Erth      #.......     100%        4    #####..
 Sticky Flame             Conj/Fire      #.......     100%        4    #####..
 Summon Ice Beast         Ice/Summ       #.......     100%        4    #####..
 Summon Lightning Spire   Summ/Air       #.......     100%        4    #####..
 Fireball                 Conj/Fire      #.........   100%        5    ######.
 Irradiate                Conj/Tmut      #.........   100%        5    ######.
 Metabolic Englaciation   Hex/Ice        #.........   100%        5    ######.
 Yara's Violent Unravell  Hex/Tmut       #.........   100%        5    ######.
 Hydra Form               Tmut           #.........   100%        6    #######
 Statue Form              Tmut/Erth      #........    100%        6    #######
 Dragon Form              Tmut           #.........   100%        7    #######


Dungeon Overview and Level Annotations

Branches:
Dungeon (11/15)            Temple (1/1) D:5            Lair (0/6) D:11
    Orc (1/2) D:9

Altars:
Ashenzari
Cheibriados
Dithmenos
Elyvilon
Fedhas
Gozag
Hepliaklqana
Kikubaaqudgha
Makhleb
Nemelex Xobeh
Okawaru
Qazlal
Ru
Sif Muna
Trog
Uskayaw
Vehumet
Wu Jian
Xom
Yredelemnul
Zin
The Shining One


Innate Abilities, Weirdness & Mutations

You regenerate a lot of health from kills.
You are powered by pain.
Your flesh is cold resistant. (rC+)
You occasionally shout uncontrollably at your foes.
Your spells are a little harder to cast, but a little more powerful.


Message History

* * * LOW HITPOINT WARNING * * *
You are engulfed in flames!
* * * LOW HITPOINT WARNING * * *
You block the orc sorcerer's attack.
The soul eater hits you but does no damage.
You hit the orc sorcerer but do no damage.
The orc sorcerer is lightly wounded.
You closely miss the orc sorcerer.
The orc sorcerer is lightly wounded.
The sun demon hits you but does no damage.
The orc sorcerer closely misses you.
The soul eater hits you but does no damage.
You barely miss the orc sorcerer.
The orc sorcerer is lightly wounded.
You block the sun demon's attack.
You completely miss the orc sorcerer.
The orc sorcerer is lightly wounded.
The orc sorcerer hits you but does no damage.
The soul eater hits you!
You die...

...#........## ..
#..##......## ...
##.###.....## ....
#...##.....##
..^.###..........#
.....#...$.......#
....................#
#.....o3..###.#>.....
#....3@..# ###......
#....#.....# ....##
..... ##...## .$..#
.... #....# #### ...
....... .$ ##$..... .
#..... .$...


You could see a soul eater, a sun demon and an orc sorcerer.

Vanquished Creatures
  A centaur warrior (D:9)
  A two-headed ogre (D:11)
  An unseen horror (D:11)
  Pikel (D:3)
  An ugly thing (D:11)
  A centaur zombie (D:10)
  A gargoyle (D:11)
  A troll (D:11)
  A hornet (D:11)
  A hippogriff (D:7)
  6 yaks (D:11)
  4 hogs (D:8)
  A human (D:8)
  2 wraiths
  A steam dragon (D:6)
  2 wargs (D:11)
  Menkaure (D:7)
  Duvessa (D:7)
  6 orc warriors
  A black bear (D:11)
  5 ice beasts
  A slave (D:3)
  6 necrophages
  2 phantoms
  A sky beast (D:11)
  3 ogres
  5 centaurs
  2 big kobolds
  8 bullfrogs
  Dowan (D:7)
  2 scorpions
  A water moccasin zombie (D:7)
  6 killer bees (D:8)
  4 jellies
  4 howler monkeys
  3 crimson imps
  2 quasits
  3 bullfrog skeletons
  4 hounds
  13 orc priests
  17 orc wizards
  4 iguanas
  3 centaur skeletons
  A gnoll shaman (D:9)
  Terence (D:2)
  7 worker ants
  A killer bee zombie (D:5)
  2 hound zombies (D:10)
  A mummy (Ossuary)
  A worker ant zombie (D:10)
  9 gnolls
  8 adders
  4 shadow imps
  An adder zombie (D:6)
  3 worms
  2 dart slugs
  45 orcs
  10 bats
  4 giant cockroaches
  8 hobgoblins
  17 jackals
  20 kobolds
  5 quokkas
  A ball python (D:5)
  5 frilled lizards
  11 gnoll skeletons (Ossuary)
  6 goblins
  2 jackal skeletons
  2 jackal zombies
  5 kobold skeletons (Ossuary)
  A leopard gecko skeleton (D:4)
  A leopard gecko zombie (D:6)
  9 orc skeletons (Ossuary)
  2 quokka zombies (D:4)
  16 rats
  A bush (D:10)
  A fungus (D:6)
348 creatures vanquished.

Vanquished Creatures (others)
  A steam dragon (D:6)
  An ogre (D:4)
  An iguana (D:4)
  2 fungi (D:6)
  3 plants (D:10)
8 creatures vanquished.

Grand Total: 356 creatures vanquished

Notes
Turn   | Place    | Note
-------+----------+-------------------------------------------
     0 | D:1      | Joat the Demonspawn Fighter began the quest for the Orb.
     0 | D:1      | Reached XP level 1. HP: 18/18 MP: 1/1
   117 | D:1      | Gained mutation: You regenerate a little health from kills.
                  | [demonic ancestry]
   117 | D:1      | Reached XP level 2. HP: 22/24 MP: 2/2
   211 | D:1      | Reached skill level 3 in Shields
   619 | D:1      | Reached XP level 3. HP: 29/29 MP: 3/3
  1084 | D:2      | Noticed Terence
  1102 | D:2      | Killed Terence
  1102 | D:2      | Reached XP level 4. HP: 33/37 MP: 4/4
  1487 | D:2      | Found a shimmering altar of Xom.
  1959 | D:3      | Gained mutation: You regenerate health from kills. [demonic
                  | ancestry]
  1959 | D:3      | Reached XP level 5. HP: 42/42 MP: 5/5
  2282 | D:4      | Found a sand-covered staircase.
  2289 | Ossuary  | Entered an ossuary
  2289 | Ossuary  | Noticed a wraith
  2289 | Ossuary  | Noticed a wraith
  2289 | Ossuary  | Noticed a wraith
  2450 | Ossuary  | Noticed a wraith
  2453 | Ossuary  | Gained mutation: Your spells are a little harder to cast,
                  | but a little more powerful. [potion of mutation]
  2453 | Ossuary  | Gained mutation: You occasionally shout uncontrollably at
                  | your foes. [potion of mutation]
  2453 | Ossuary  | Gained mutation: Your flesh is cold resistant. (rC+)
                  | [potion of mutation]
  2460 | Ossuary  | Killed a wraith
  2460 | Ossuary  | Reached skill level 4 in Shields
  2460 | Ossuary  | Gained mutation: You regenerate a lot of health from kills.
                  | [demonic ancestry]
  2460 | Ossuary  | Reached XP level 6. HP: 49/49 MP: 6/6
  2596 | D:4      | Noticed a slave
  2600 | D:4      | Noticed Pikel
  2601 | D:4      | Noticed a slave
  2606 | D:4      | Noticed a slave
  2608 | D:4      | Noticed a slave
  2625 | D:3      | Killed a slave
  2641 | D:3      | Killed Pikel
  2641 | D:3      | Reached skill level 5 in Fighting
  2641 | D:3      | Reached skill level 5 in Shields
  2641 | D:3      | Reached XP level 7. HP: 53/57 MP: 7/7
  3045 | D:4      | Found an ancient bone altar of Kikubaaqudgha.
  3073 | D:4      | Reached skill level 5 in Short Blades
  3098 | D:4      | Found a sparkling altar of Nemelex Xobeh.
  3358 | D:5      | Entered Level 5 of the Dungeon
  3565 | D:5      | Found a staircase to the Ecumenical Temple.
  3578 | Temple   | Entered the Ecumenical Temple
  3715 | Temple   | Became a worshipper of Makhleb the Destroyer
  3757 | D:5      | Reached XP level 8. HP: 64/64 MP: 8/8
  3833 | D:5      | Reached skill level 6 in Shields
  3942 | D:5      | Found an opulent altar of Gozag.
  3948 | D:5      | Reached * piety under Makhleb
  4191 | D:5      | Found a blossoming altar of Fedhas.
  4197 | D:5      | Reached skill level 7 in Shields
  4443 | D:6      | Gained mutation: You sometimes gain a little power by
                  | taking damage. [demonic ancestry]
  4443 | D:6      | Reached XP level 9. HP: 69/69 MP: 9/9
  4636 | D:6      | Found a hide-covered altar of Uskayaw.
  4639 | D:6      | Reached ** piety under Makhleb
  4995 | D:6      | Reached skill level 8 in Shields
  5568 | D:7      | Learned a level 1 spell: Confusing Touch
  5724 | D:7      | Noticed Duvessa
  5724 | D:7      | Noticed Menkaure
  5724 | D:7      | Noticed Dowan
  5783 | D:7      | Killed Duvessa
  5814 | D:7      | Killed Menkaure
  5814 | D:7      | Reached skill level 9 in Shields
  5875 | D:7      | Killed Dowan
  5991 | D:7      | Reached *** piety under Makhleb
  6174 | D:7      | Gained mutation: You sometimes gain power by taking damage.
                  | [demonic ancestry]
  6174 | D:7      | Reached XP level 10. HP: 66/76 MP: 10/10
  6344 | D:8      | Found a deep blue altar of Sif Muna.
  6790 | D:8      | Found a shimmering altar of Xom.
  6792 | D:8      | Found a glowing golden altar of the Shining One.
  6792 | D:8      | Found a shadowy altar of Dithmenos.
  6794 | D:8      | Found a stormy altar of Qazlal.
  6794 | D:8      | Found a bloodstained altar of Trog.
  6794 | D:8      | Found a glowing golden altar of the Shining One.
  7267 | D:9      | Noticed a centaur warrior
  7285 | D:9      | Killed a centaur warrior
  7285 | D:9      | Reached skill level 10 in Short Blades
  7285 | D:9      | Reached skill level 10 in Shields
  7524 | D:9      | Identified a +0 pair of boots of running (You found it on
                  | level 9 of the Dungeon)
  7628 | D:9      | Found an ornate altar of the Wu Jian Council.
  7728 | D:9      | Reached **** piety under Makhleb
  7992 | D:9      | Found a staircase to the Orcish Mines.
  8022 | D:9      | Got a scorched scale mail
  8033 | D:9      | Identified the +10 scale mail "Joike" {Regen+ Int+4} (You
                  | found it on level 9 of the Dungeon)
  8035 | D:9      | lag
  8035 | D:9      | g
  8035 | D:9      | ag
  8035 | D:9      | lllllaaag
  8035 | D:9      | lag
  8039 | D:9      | Learned a level 3 spell: Confuse
  8249 | D:10     | Entered Level 10 of the Dungeon
  8270 | D:10     | Reached skill level 11 in Shields
  8296 | D:10     | Found a blossoming altar of Fedhas.
  8437 | D:10     | Found a glowing silver altar of Zin.
  8669 | D:10     | Reached skill level 1 in Hexes
  8669 | D:10     | Reached skill level 1 in Invocations
  8984 | D:10     | Reached skill level 1 in Spellcasting
  8984 | D:10     | Gained mutation: You are powered by pain. [demonic
                  | ancestry]
  8984 | D:10     | Reached XP level 11. HP: 80/80 MP: 12/12
  9042 | D:11     | Noticed a two-headed ogre
  9083 | D:11     | Killed a two-headed ogre
  9280 | D:11     | Noticed a red ugly thing
  9293 | D:11     | Killed a red ugly thing
  9430 | D:11     | Found a staircase to the Lair.
  9447 | D:11     | Reached ***** piety under Makhleb
  9651 | D:11     | Killed an unseen horror
  9880 | Orc:1    | Entered Level 1 of the Orcish Mines
  9923 | Orc:1    | Noticed an orc sorcerer
  9926 | Orc:1    | Paralysed by an orc sorcerer for 6 turns
  9933 | Orc:1    | Noticed a soul eater
  9937 | Orc:1    | Noticed a sun demon
  9953 | Orc:1    | Slain by a soul eater

Skill      XL: |  1  2  3  4  5  6  7  8  9 10 11 |
---------------+----------------------------------+-----
Short Blades   | 2 3 4 5 7 9 10 | 10.0
Shields        | 3 4 5 7 9 11 | 11.8
Fighting       | 4 5 6 |  6.0
Hexes          | 1 4 |  4.8
Invocations    | 1 4 |  4.3
Armour         | 3 4 |  4.0
Spellcasting   | 1 |  1.0

Action                   |  1- 3 |  4- 6 |  7- 9 | 10-12 || total
-------------------------+-------+-------+-------+-------++-------
Melee: Dagger            |   144 |   219 |   489 |   695 ||  1547
       Rapier            |     2 |       |       |       ||     2
       Short sword       |       |       |       |    12 ||    12
  Use: Potion            |       |     4 |     1 |       ||     5
       Scroll            |       |    12 |     5 |     4 ||    21
  Eat: Chunk             |     1 |     5 |    12 |    12 ||    30
Armor: Scale mail        |    64 |       |       |   158 ||   222
       Plate armour      |    13 |   135 |   209 |    57 ||   414
       Skin              |       |       |     1 |       ||     1
       Ring mail         |       |       |       |     3 ||     3
Dodge: Dodged            |    23 |    37 |   122 |   189 ||   371
Block: Shield            |    69 |   123 |   214 |   303 ||   709
